[Event "Early-Titled-Tuesday-Blitz-April-02-2024"]
[Site "Chess.com"]
[Date "2024.04.02"]
[Round "1"]
[White "ilqar_74"]
[Black "toninhojit"]
[Result "1/2-1/2"]
[WhiteElo "2807"]
[BlackElo "2494"]
[TimeControl "180+1"]
[EndTime "8:09:11 PDT"]
[Termination "Game drawn - insufficient material"]

1. e4 g6 2. d4 Bg7 3. f4 c5 4. c3 cxd4 5. cxd4 d5 6. e5 Nc6 7. Nf3 Bg4 8. Be2 Bxf3 9. Bxf3 e6 10. Be3 Nge7 11. Nc3 Nf5 12. Bf2 Qb6 13. Ne2 O-O 14. O-O Qxb2 15. Rb1 Qxa2 16. Rxb7 Qa6 17. Rb1 Rab8 18.
Rc1 Rfc8 19. h4 h5 20. Qd2 Na5 21. Rxc8+ Rxc8 22. Ra1 Nb3 23. Rxa6 Nxd2 24. Rxa7 Bh6 25. Ra2 Nxf3+ 26. gxf3 Rb8 27. Kg2 Rb3 28. Ra8+ Kg7 29. Ra7 Rb2 30. Kf1 Rb3 31. Kg2 Kg8 32. Ra2 Bf8 33. Nc1 Rb1 34. Nd3 Be7 35. Nc5 Bxh4 36.
Ra8+ Kg7 37. Bg1 Rb2+ 38. Kh3 Be7 39. Ra7 Bxc5 40. dxc5 Rc2 41. Rd7 Rc3 42. Rc7 Rxf3+ 43. Kg2 Rc3 44. c6 d4 45. Rc8 d3 46. Kf3 Rc2 47. c7 h4 48. Bb6 Ne7 49. Re8 Nd5 50. c8=Q Rxc8 51. Rxc8 Nxb6 52. Rc3 Nd5 53. Rxd3 g5 54.
fxg5 Kg6 55. Kg4 Ne7 56. Kxh4 Nc6 57. Re3 Kf5 58. Rf3+ Kg6 59. Re3 Kf5 60. Kh5 Nxe5 61. Re2 Kf4 62. Kh6 Ng4+ 63. Kh5 Ne5 64. Re1 Nf3 65.
Rf1 Ke4 66. Kh6 e5 67. Rf2 Ke3 68. Rg2 e4 69. Kg7 Ne5 70. Kf6 Kf3 71. Rg1 Ng4+ 72. Kxf7 Ne5+ 73. Kf6 Nd7+ 74. Ke7 Ne5 75. g6 Nxg6+ 76.
Rxg6 e3 77. Rf6+ Kg2 78. Rg6+ Kf2 79. Rf6+ Ke1 80. Ke6 e2 81. Kd5 Kd1 82. Re6 e1=Q 83. Rxe1+ Kxe1 1/2-1/2

[Event "Early-Titled-Tuesday-Blitz-April-02-2024"]
[Site "Chess.com"]
[Date "2024.04.02"]
[Round "1"]
[White "MasterKroket"]
[Black "martinmena"]
[Result "1-0"]
[WhiteElo "2576"]
[BlackElo "2166"]
[TimeControl "180+1"]
[EndTime "8:09:17 PDT"]
[Termination "MasterKroket won by resignation"]

1. e4 c6 2. d4 d5 3. Nc3 dxe4 4.
Nxe4 Nd7 5. Ng5 Ngf6 6. Bc4 e6 7. c3 h6 8. N5f3 Bd6 9. Ne2 O-O 10. O-O b6 11.
Ng3 c5 12. a4 cxd4 13. Nxd4 Bb7 14. Nxe6 fxe6 15. Bxe6+ Kh8 16. Qxd6 Nc5 17. Qxd8 Raxd8 18. Bc4 Bd5 19. Bxd5 Rxd5 20. Be3 Rfd8 21. Ne2 Nd3 22.
b3 Re8 23. Nf4 Nxf4 24. Bxf4 Rd3 25. Rac1 Nd5 26. Bg3 Nxc3 27. Kh1 Ne2 28. Rc7 Nxg3+ 29. hxg3 a5 30. Rb1 Re2 31. Kg1 Rdd2 32. Rf7 Rb2 33. Rc1 Rxb3 34. Rcc7 Rb1+ 35. Kh2 Re5 36. g4 Rg5 37.
Rf4 Rb4 38. Rxb4 axb4 39. Rc4 b5 40. Rxb4 bxa4 41. Rxa4 h5 42. Kg3 hxg4 43. Rxg4 Rf5 44. Rf4 Ra5 45. Kg4 Kh7 46. Rb4 Ra2 47. Rf4 Kg6 48.
g3 Rb2 49. f3 Rb3 50. Ra4 Kf7 51. Kf4 Rc3 52. Ra7+ Kf6 53. Ra6+ Kf7 54. Ra5 Rb3 55. Re5 Rb4+ 56. Re4 Rb3 57. g4 Ra3 58. g5 g6 59. Rb4 Rc3 60. Rb7+ Kg8 61. Ke4 Ra3 62. f4 Ra4+ 63. Ke5 Ra5+ 64. Ke4 Ra4+ 65. Kf3 Ra3+ 66.
Kg4 Ra4 67. Rd7 Kf8 68. Kf3 Ra3+ 69. Ke4 Ra5 70. Rd5 Ra4+ 71. Ke5 Ke7 72. Rb5 Ra6 73.
Rb7+ Kf8 74. Rd7 Ra5+ 75. Kf6 Rf5+ 76. Kxg6 Rxf4 77. Rd8+ Ke7 78. Rd5 Rg4 79. Rf5 Rg1 80. Kh6 Rh1+ 81. Kg7 Ke6 82. Rf2 Rg1 83. g6 Ke7 84.
Kh7 Rh1+ 85. Kg8 Rg1 86. g7 Rg5 87. Rf4 Ke8 88. Re4+ Kd7 89. Kf7 Rf5+ 90. Kg6 Rf2 91. g8=Q Rg2+ 92. Kf7 Rxg8 93. Kxg8 Kd6 94. Kf7 Kd5 95. Re6 Kc5 96. Kf6 Kd5 97. Kf5 1-0

[Event "Early-Titled-Tuesday-Blitz-April-02-2024"]
[Site "Chess.com"]
[Date "2024.04.02"]
[Round "1"]
[White "Aureliano-Buendia"]
[Black "MyDream003"]
[Result "0-1"]
[WhiteElo "2482"]
[BlackElo "2810"]
[TimeControl "180+1"]
[EndTime "8:09:18 PDT"]
[Termination "MyDream003 won on time"]

1. d4 d5 2. Nf3 Nf6 3. Bf4 Bf5 4.
e3 e6 5. c4 Bd6 6. Bg3 O-O 7.
Nc3 c6 8. Be2 h6 9. c5 Bxg3 10.
hxg3 Nbd7 11. b4 Qc7 12. a4 e5 13. Kf1 Rfe8 14. b5 Bh7 15. Qb3 Ng4 16. Nd2 Ndf6 17. a5 exd4 18. exd4 Re7 19. Nd1 Rae8 20.
Nc3 Qc8 21. Nf3 Ne4 22. Nxe4 dxe4 23. Nh2 Nxh2+ 24. Rxh2 e3 25. f3 Qc7 26. Rh3 Qd7 27.
Qc3 cxb5 28. a6 bxa6 29. c6 Qd6 30. Rxa6 b4 31. Qc4 Rc7 32. f4 Rb8 33. Rh5 Rbc8 34. Rc5 b3 35. Qxb3 Qxd4 36. Qc3 Qe4 37. Kg1 Bg6 38.
Bf3 Qb1+ 39. Kh2 Qd3 40. Ra1 e2 41. Re1 Re8 42. Qa5 Ree7 43. Qb4 Rc8 44. Rc3 Qd8 45. Rc5 Qe8 46. Qc3 Kh7 47. Qc4 f5 48. Rxe2 Rxe2 49.
Qxe2 Bf7 50. Qxe8 Rxe8 51. c7 Be6 52. Bb7 Bc8 53. Bxc8 Rxc8 54. Rc6 a5 55. Rc5 a4 56. Ra5 Rxc7 57. Rxa4 Kg6 58. Ra5 Rf7 59. Ra6+ Kh5 60. Ra5 Kg4 61. Ra3 Re7 62. Ra6 Kh5 63. Ra5 Rf7 64. Ra6 Kg4 65. Rg6+ Kh5 66. Ra6 g6 67. Ra5 Kg4 68. Ra6 Rg7 69. Rb6 Rg8 70. Ra6 Rg7 71. Rb6 h5 72. Ra6 Rg8 73. Ra4 Rh8 74. Kg1 h4 75.
gxh4 Kg3 0-1

[Event "Early-Titled-Tuesday-Blitz-April-02-2024"]
[Site "Chess.com"]
[Date "2024.04.02"]
[Round "1"]
[White "Larina_Maria"]
[Black "MKlose11"]
[Result "1-0"]
[WhiteElo "2317"]
[BlackElo "2607"]
[TimeControl "180+1"]
[EndTime "8:09:18 PDT"]
[Termination "Larina_Maria won by resignation"]

1. e4 e6 2. Nf3 d5 3. e5 c5 4. b4 b6 5. a3 Ne7 6. c3 d4 7.
cxd4 cxd4 8. Bb2 Nf5 9. g4 Nh4 10. Nxh4 Bb7 11. Nf3 Nc6 12. Bg2 Be7 13. O-O h5 14. g5 Bxg5 15. Nxg5 Qxg5 16. f4 Qg6 17. Kh1 h4 18. d3 h3 19. Be4 Qh6 20. Qf3 Rc8 21.
b5 Na5 22. Bxb7 Nxb7 23. Qxb7 O-O 24. Bxd4 Rc2 25. Qf3 Rd8 26. Bc3 Qg6 27. Rd1 Rd5 28. a4 Qf5 29. d4 g5 30. Rg1 Rg2 31. Nd2 g4 32. Rxg2 hxg2+ 33. Qxg2 Kf8 34. Rg1 Qd3 35. Qxg4 Qxc3 36. Ne4 Qxd4 37. Qg7+ Ke7 38. Qg5+ Kf8 39. Nd6 Rxd6 40. Qg8+ Ke7 41. exd6+ Qxd6 42. Qg5+ Ke8 43. Qe5 Qd3 44. Re1 Qf3+ 45. Kg1 Qg4+ 46. Kf2 Qh4+ 47.
Kf3 Qh3+ 48. Ke4 Qxh2 49. Qb8+ Ke7 50. Qxa7+ Kf6 51. Re3 Qc2+ 52. Rd3 Qe2+ 53. Kd4 Qb2+ 54. Kc4 Qc2+ 55. Rc3 Qe2+ 56. Kb4 Qb2+ 57. Rb3 Qd2+ 58.
Ka3 Qc1+ 59. Rb2 Qc3+ 60. Ka2 Qc4+ 61. Kb1 Qd3+ 62. Rc2 Qb3+ 63. Kc1 Qe3+ 64. Rd2 Qc3+ 65. Kd1 Qf3+ 66. Re2 Qd3+ 67. Ke1 Qg3+ 68. Rf2 Qe3+ 69.
Kf1 Qh3+ 70. Ke2 Qg4+ 71. Ke3 Qg3+ 72. Rf3 Qe1+ 73. Kd4 Qb4+ 74. Ke3 Qe1+ 75. Kd4 Qb4+ 76. Kd3 Qb3+ 77. Ke2 Qc2+ 78. Ke3 Qc3+ 79. Kf2 Qc2+ 80. Kg3 Qg6+ 81. Kf2 Qc2+ 82. Kg3 Qg6+ 83. Kh2 Qh5+ 84.
Kg2 Qg6+ 85. Rg3 Qe4+ 86. Kh3 Qh7+ 87. Kg2 Qe4+ 88. Kh3 Qh7+ 89. Kg4 Qf5+ 90. Kh4 Qd3 91. Rxd3 1-0

[Event "Early-Titled-Tuesday-Blitz-April-02-2024"]
[Site "Chess.com"]
[Date "2024.04.02"]
[Round "1"]
[White "Der_Balak_3Halak"]
[Black "SipkeErnst"]
[Result "0-1"]
[WhiteElo "2381"]
[BlackElo "2678"]
[TimeControl "180+1"]
[EndTime "8:09:19 PDT"]
[Termination "SipkeErnst won by resignation"]

1. e4 e5 2. Nf3 Nc6 3. Bb5 Nf6 4. Qe2 Bc5 5. c3 O-O 6. h3 d5 7. d3 dxe4 8. dxe4 Qe7 9. O-O Nd8 10. Be3 Nh5 11.
Nbd2 Ne6 12. Nb3 Bxe3 13. Qxe3 Nef4 14. Rad1 Qf6 15. Bd7 Nxg2 16. Kxg2 Bxd7 17. Rxd7 Nf4+ 18. Kh2 Qe6 19. Nxe5 Qxe5 20. Qg3 Qb5 21. Rdd1 Ne6 22.
Rg1 g6 23. Rd2 Rad8 24. Nd4 Qc4 25. b3 Qa6 26. Rgd1 Nc5 27. Qe3 Rde8 28. f3 f5 29. e5 f4 30. Qe2 Qb6 31. Qc4+ Kh8 32. Re2 Re7 33. Rde1 Rfe8 34. e6 Qd6 35. b4 Na4 36.
Nb5 Qb6 37. Nd4 a6 38. Qd5 Nxc3 39. Qe5+ Kg8 40. Rc2 Qxb4 41. Nc6 bxc6 42. Qxc3 Qxc3 43. Rxc3 Rxe6 44. Rec1 Re2+ 45. Kg1 R8e6 46. Rxc6 Rxc6 47.
Rxc6 Rxa2 48. Rxc7 h6 49. h4 Ra5 50. Rc4 Rf5 51. Rc6 a5 52. Rxg6+ Kh7 53. Ra6 h5 54. Kf2 Kg7 55. Ke2 Re5+ 56. Kf2 Rb5 57. Rd6 Rb4 58. Kf1 a4 59. Ra6 Kf7 60. Kf2 Ke7 61. Ke2 Kd7 62.
Kd3 Kc7 63. Ra5 Kb6 64. Rxh5 a3 65. Rh8 Ra4 66. Rb8+ Kc5 67. Rb1 a2 68. Ra1 Kb4 69. Ke4 Kb3+ 70. Kf5 Kb2 71. Rh1 a1=Q 72. Rxa1 Rxa1 73.
h5 Kc3 74. Kxf4 Kd4 75. h6 Kd5 76. Kf5 Kd6 77. h7 Rh1 78. Kg6 Ke7 79. Kg7 Rg1+ 80. Kh6 Kf7 81. h8=Q Rh1+ 82. Kg5 Rxh8 83. Kf5 Rh6 84.
Ke5 Rf6 85. f4 Kg6 86. Ke4 Rf5 87. Ke3 Kh5 88. Kf3 Kh4 89. Ke4 Kg4 90. Ke3 Rxf4 91. Kd3 Kf3 92. Kd2 Rd4+ 93. Ke1 Rd8 0-1

[Event "Early-Titled-Tuesday-Blitz-April-02-2024"]
[Site "Chess.com"]
[Date "2024.04.02"]
[Round "1"]
[White "lamomiajunior"]
[Black "sorch29"]
[Result "1/2-1/2"]
[WhiteElo "2713"]
[BlackElo "2422"]
[TimeControl "180+1"]
[EndTime "8:09:21 PDT"]
[Termination "Game drawn by repetition"]

1. d4 Nf6 2. c4 e6 3. Nc3 d5 4.
cxd5 Nxd5 5. e4 Nxc3 6. bxc3 c5 7.
Rb1 Be7 8. Nf3 O-O 9. Be2 b6 10. d5 exd5 11. exd5 Bf5 12. Rb3 Bd6 13. O-O Nd7 14.
c4 Re8 15. Bb2 Ne5 16. Nxe5 Bxe5 17. Bxe5 Rxe5 18. Bf3 Qd6 19. a4 Be4 20. Qd2 Rae8 21. a5 Bxf3 22. Rxf3 Re4 23. axb6 axb6 24. Qc2 b5 25. cxb5 Qxd5 26. Qb1 Rb4 27. Qc2 Rxb5 28. h3 c4 29. Rd1 Qc6 30. Rd4 Rc5 31. Rc3 Qc7 32. g3 Rc8 33. Qe2 g6 34. h4 Qc6 35.
Qe3 Qe6 36. Re4 Qd7 37. Kh2 R5c7 38. h5 Qf5 39. h6 Qd7 40. Qf4 Rc6 41. Rce3 Rf8 42.
Rd4 Qc7 43. Qg5 f6 44. Qd5+ Kh8 45. Re6 Rxe6 46. Qxe6 c3 47. Rd7 Qc5 48. Rf7 Qh5+ 49. Kg2 Qxh6 50. Qxf6+ Kg8 51. Rxf8+ Qxf8 52. Qxc3 Qf7 53.
Qc8+ Qf8 54. Qc3 Qf7 55. Qd4 Qf8 56. Qd5+ Qf7 57. Qd6 Qf8 58. Qe5 Qf7 59. f4 Qg7 60.
Qe8+ Qf8 61. Qc6 Qf7 62. Kf3 Qb3+ 63. Kg4 Qf7 64. Qc8+ Kg7 65. Kf3 Qf6 66. Qc7+ Qf7 67. Qe5+ Qf6 68. Ke4 Qxe5+ 69. Kxe5 Kf7 70. g4 h5 71.
gxh5 gxh5 72. Kf5 h4 73. Kg4 Kf6 74. Kxh4 Kf5 75. Kg3 Kf6 76. Kg4 Kg6 77. f5+ Kf6 78. Kf4 Kg7 79. Ke5 Kf7 80. Kd5 Kf6 81. Ke4 Kf7 82. Kf4 Kf6 83. Kg4 Kf7 84. Kg5 Kg7 85.
Kh5 Kf7 86. Kg5 Kg7 87. f6+ Kf7 88. Kf5 Kf8 89. Ke5 Kf7 90. Kf5 Kf8 91. Kg6 Kg8 92. Kg5 Kf7 93. Kf5 1/2-1/2

[Event "Early-Titled-Tuesday-Blitz-April-02-2024"]
[Site "Chess.com"]
[Date "2024.04.02"]
[Round "1"]
[White "Revan_2002"]
[Black "Smiechu"]
[Result "1/2-1/2"]
[WhiteElo "2719"]
[BlackElo "2433"]
[TimeControl "180+1"]
[EndTime "8:09:28 PDT"]
[Termination "Game drawn by stalemate"]

1. d4 Nf6 2. c4 c5 3. d5 e6 4. Nc3 exd5 5. cxd5 d6 6. Nf3 g6 7. Bf4 Bg7 8. e3 O-O 9. h3 a6 10. a4 Re8 11. Be2 Nbd7 12. O-O Nh5 13. Bh2 Qc7 14. Nd2 Nhf6 15. Nc4 Bf8 16. Qb3 Rb8 17.
a5 b5 18. axb6 Nxb6 19. Nxb6 Rxb6 20. Qc2 Bf5 21. Qd2 Ne4 22. Nxe4 Bxe4 23. Rxa6 Reb8 24.
Ra2 Qb7 25. Bc4 Rxb2 26. Rxb2 Qxb2 27. Qxb2 Rxb2 28. f3 Rc2 29. Bb3 Rc3 30. Ba2 Bd3 31.
Rd1 Bc4 32. Bxc4 Rxc4 33. e4 f6 34. Ra1 Rb4 35. Bg3 Rb7 36. Ra6 Rd7 37. Kf2 Kf7 38. f4 Bg7 39. f5 Ke7 40. Bf4 gxf5 41. exf5 Bf8 42. g4 Kd8 43. Ra8+ Ke7 44. Ra6 Kd8 45. Kg3 Kc7 46. Ra7+ Kd8 47. Ra8+ Ke7 48. Rc8 Rd8 49.
Rc7+ Rd7 50. Rc6 Kd8 51. Ra6 Ke7 52. Kh4 Kd8 53. Kh5 Kc7 54. h4 Kb7 55. Rc6 Rc7 56.
Bxd6 Bxd6 57. Rxd6 c4 58. Re6 c3 59. Re1 c2 60. Rc1 Kc8 61. g5 Kd7 62. gxf6 Ke8 63.
Kg5 Kf7 64. d6 Rd7 65. Rxc2 Rxd6 66. Rc7+ Kg8 67. Rg7+ Kh8 68. Re7 Kg8 69. Re8+ Kf7 70. Re7+ Kg8 71. Re6 Rd1 72. Kh6 Rg1 73. Re8+ Kf7 74.
Re6 Kg8 75. h5 Rg2 76. Re7 Rh2 77. Rg7+ Kf8 78. Rxh7 Kg8 79. Rg7+ Kf8 80. Ra7 Kg8 81. Rb7 Rg2 82. Rg7+ Kh8 83. f7 Rg6+ 84. hxg6 1/2-1/2

[Event "Early-Titled-Tuesday-Blitz-April-02-2024"]
[Site "Chess.com"]
[Date "2024.04.02"]
[Round "1"]
[White "sokidze"]
[Black "RuperezA"]
[Result "0-1"]
[WhiteElo "2781"]
[BlackElo "2514"]
[TimeControl "180+1"]
[EndTime "8:09:29 PDT"]
[Termination "RuperezA won by resignation"]

1. d4 e6 2. c4 Nf6 3. Nf3 d5 4. g3 Be7 5. Bg2 O-O 6. Qc2 c6 7. O-O b6 8. Rd1 Bb7 9. b3 Nbd7 10. Nc3 Rc8 11. e4 Ba6 12. e5 Ne8 13. cxd5 cxd5 14. Qb2 b5 15. Be3 b4 16. Ne2 Nc7 17. Nf4 Nb5 18.
h4 Qa5 19. Bh3 Nc3 20. Re1 Rc6 21. Ng5 Bxg5 22. hxg5 Qa3 23. Qd2 Rfc8 24. Nh5 Nf8 25. Bf4 Ne4 26. Qd1 Qb2 27. Be3 Rc2 28. Rb1 Qc3 29. Qg4 Rxa2 30. Rbc1 Rc2 31. Rxc2 Qxc2 32. Rc1 Qxc1+ 33. Bxc1 Rxc1+ 34. Kh2 Rh1+ 35. Kg2 Bf1+ 36.
Kxh1 Nxf2+ 37. Kg1 Nxg4 38. Bxf1 Ne3 39. Bd3 Nd7 40.
Nf4 Nb6 41. Kf2 Nf5 42. Bxf5 exf5 43. Ke3 g6 44. Nd3 Kf8 45. Nxb4 Ke7 46. Nc6+ Kd7 47. Nxa7 Na8 48. Nb5 Kc6 49. Nc3 Nc7 50. Kd3 Ne6 51. b4 Nc7 52. Kc2 Ne6 53. Kd3 Nxg5 54. b5+ Kb6 55.
Nxd5+ Kxb5 56. Nf6 Kc6 57. d5+ Kc7 58. Kd4 h5 59. d6+ Kc6 60. Ke3 Ne6 61. Nh7 Kd5 62. d7 Kxe5 63. Ng5 Nd8 64. Nf3+ Kd6 65. Kd4 Ne6+ 66. Ke3 Kxd7 67. Ne5+ Ke7 68. Nf3 Kf6 69. Nd2 g5 70. Kf3 g4+ 71. Ke3 Kg5 72. Nc4 f4+ 73.
gxf4+ Nxf4 74. Ne5 Nd5+ 75. Ke4 Nf6+ 76. Ke3 Nd5+ 77.
Ke4 Nc3+ 78. Kd3 g3 79. Kxc3 Kf4 80. Nd3+ Ke3 81. Ne1 f5 82. Ng2+ Kf3 83. Nh4+ Kg4 84. Ng2 h4 85. Kd2 h3 86. Ne3+ Kf4 87. Ke2 h2 88. Ng2+ Kg4 0-1

[Event "Early-Titled-Tuesday-Blitz-April-02-2024"]
[Site "Chess.com"]
[Date "2024.04.02"]
[Round "1"]
[White "Zhani-Z"]
[Black "Statham_01"]
[Result "1/2-1/2"]
[WhiteElo "2328"]
[BlackElo "2625"]
[TimeControl "180+1"]
[EndTime "8:09:29 PDT"]
[Termination "Game drawn by repetition"]

1. e4 e5 2. Nf3 Nf6 3. Nc3 Nc6 4. Bb5 Nd4 5. O-O c6 6. Bd3 d5 7. exd5 Bg4 8. Be2 Bxf3 9. Bxf3 cxd5 10. d3 Be7 11.
Bg5 Nxf3+ 12. Qxf3 d4 13. Bxf6 Bxf6 14. Nd5 Bg5 15.
Rfe1 Qd6 16. Qe4 O-O-O 17. Qf5+ Kb8 18. Qxg5 f6 19. Qxg7 Qxd5 20. Qxf6 Rde8 21. Re4 Rhf8 22. Qh6 Qc5 23. Qd2 a6 24. Rae1 Rf5 25. f4 Qb6 26.
b3 Ref8 27. fxe5 Qe6 28. Rxd4 h5 29. Rde4 Qe7 30. d4 h4 31. d5 h3 32. d6 Qf7 33. Qe2 Rf2 34. e6 Qf5 35. e7 Rxe2 36.
exf8=Q+ Qxf8 37. R4xe2 Qxd6 38. gxh3 Qg6+ 39. Rg2 Qb6+ 40.
Kf1 Ka7 41. Rf2 Qb5+ 42. Ree2 Qg5 43. Rg2 Qf5+ 44. Ke1 Qxh3 45. a4 Qc3+ 46. Kf1 Qf6+ 47. Ke1 Qc6 48. Rg3 Qh1+ 49. Kd2 Qd5+ 50. Rd3 Qg5+ 51.
Kc3 Qa5+ 52. Kb2 Qh5 53. Red2 Qe5+ 54. Ka2 Qc5 55. Rd4 Qg5 56. h4 Qh6 57. Re2 Qf6 58.
Rde4 Qg6 59. Rf4 Qh5 60. Ref2 Qg6 61. Rf5 Qh6 62. h5 Qb6 63. Rf6 Qe3 64. h6 b5 65.
axb5 axb5 66. h7 Qh3 67. Rf7+ Kb6 68. Ka3 Kc5 69. R7f5+ Kd4 70. Rf7 Qh1 71. Kb4 Ke3 72. Kxb5 Qd5+ 73. Kb4 Qd6+ 74. Kb5 Qd5+ 75. Ka4 Qc6+ 76.
Kb4 Qd6+ 77. Ka4 Qa6+ 78. Kb4 Qd6+ 1/2-1/2

[Event "Early-Titled-Tuesday-Blitz-April-02-2024"]
[Site "Chess.com"]
[Date "2024.04.02"]
[Round "1"]
[White "JJDAREK"]
[Black "Alexei_Gubajdullin"]
[Result "0-1"]
[WhiteElo "2326"]
[BlackElo "2637"]
[TimeControl "180+1"]
[EndTime "8:09:52 PDT"]
[Termination "Alexei_Gubajdullin won on time"]

1. c4 Nf6 2. Nc3 g6 3. d4 Bg7 4. e4 d6 5. Be2 O-O 6. Nf3 Na6 7. O-O e5 8. d5 Nc5 9. Qc2 a5 10. Bg5 h6 11. Be3 Nh5 12. g3 f5 13. Nh4 f4 14.
Bxc5 dxc5 15. Bxh5 gxh5 16. f3 Qg5 17. Qg2 a4 18. Kh1 a3 19. b3 fxg3 20. hxg3 Bf6 21. d6 c6 22. Rad1 Bd7 23. Na4 Rf7 24. Nxc5 Raf8 25. Nxd7 Rxd7 26. Nf5 Bd8 27. f4 Qf6 28. c5 Kh7 29. Qh3 exf4 30. gxf4 Ba5 31. Nh4 Rg7 32. e5 Qf7 33. e6 Qf6 34. e7 Rfg8 35. Qf5+ Qxf5 36. Nxf5 Rg4 37. d7 Kg6 38. e8=Q+ Kxf5 39. Qxg8 Rxg8 40. Rg1 Rd8 41. Rg7 Kxf4 42.
Kg2 Kf5 43. Re7 Kf6 44. Re8 Kf7 45. Rxd8 Bxd8 46. Kf3 Ke6 47. Kf4 Bc7+ 48. Ke4 Bd8 49. b4 h4 50. Kf4 h5 51. Kf3 Ke7 52. Kg2 Ke6 53. Kh3 Ke5 54. Rd3 Ke6 55. Rd2 Ke5 56. Re2+ Kd4 57. Re8 Bg5 58. d8=Q+ Bxd8 59. Rxd8+ Kc4 60.
Rb8 Kxb4 61. Rxb7+ Kxc5 62. Ra7 Kb4 63. Rb7+ Ka4 64.
Rb3 c5 65. Kxh4 c4 66. Rf3 Kb4 67. Kxh5 c3 68. Rf4+ Kc5 69. Ra4 c2 70. Ra5+ Kb6 71.
Rxa3 c1=Q 72. Rb3+ Ka5 73. Kg4 Qd1+ 74. Rf3 Qe2 75.
Kf4 Qxa2 76. Re3 Kb6 77. Re4 Kc6 78. Kf3 Kd5 79. Rf4 Qc2 80. Rg4 Ke5 81. Kg3 Kf5 82.
Rf4+ Ke5 83. Rg4 Qd2 84. Kf3 Kf5 85. Rh4 Qd3+ 86. Kg2 Kg5 87. Rh3 Qd2+ 88. Kg3 Qf4+ 89. Kg2 Kg4 90. Rh2 Qe4+ 91. Kf2 Qf4+ 92. Kg2 Qf3+ 93. Kg1 Qd1+ 94. Kg2 Qd3 0-1

[Event "Early-Titled-Tuesday-Blitz-April-02-2024"]
[Site "Chess.com"]
[Date "2024.04.02"]
[Round "1"]
[White "szachmistrz2500"]
[Black "SAInt_666"]
[Result "0-1"]
[WhiteElo "2412"]
[BlackElo "2718"]
[TimeControl "180+1"]
[EndTime "8:10:09 PDT"]
[Termination "SAInt_666 won on time"]

1. d4 Nf6 2. c4 e6 3. Nf3 d5 4.
Nc3 Bb4 5. Bg5 Nbd7 6. e3 c5 7.
cxd5 exd5 8. Be2 Qa5 9. O-O c4 10. Qc2 O-O 11. Nd2 Re8 12. Bf3 Bxc3 13. bxc3 Ne4 14. Bxe4 dxe4 15. Bf4 Qd5 16. f3 exf3 17. e4 Qc6 18. Rxf3 Nf6 19. d5 Qc5+ 20. Be3 Qd6 21.
Nxc4 Qa6 22. Nd2 Bg4 23. Rf2 Bh5 24. Bd4 Ng4 25. Rf5 Bg6 26. Rg5 Qe2 27. Qd1 Qxd1+ 28. Rxd1 Nf6 29. Bxf6 gxf6 30. Rg3 Kf8 31. Rf1 Bxe4 32.
Nxe4 Rxe4 33. Rxf6 Rd8 34. Rgf3 Re7 35. R3f5 Kg7 36.
Kf2 Rxd5 37. Rxd5 Kxf6 38. Rd6+ Ke5 39. Rh6 f5 40. Ke3 Rc7 41. Kd3 Kf4 42. a4 Rd7+ 43.
Kc2 Ke3 44. g3 Rf7 45. a5 a6 46. Rh4 Rd7 47. Kb3 Kf3 48. Rf4+ Kg2 49. Rxf5 Kxh2 50. Rg5 Kg2 51. Kb4 Rc7 52. c4 Kf3 53. Kc3 Ke4 54. Rg8 Rf7 55. Re8+ Kf3 56. Rg8 Re7 57. Kd4 Rc7 58.
Kd5 Ke3 59. c5 Kd3 60. Kd6 Rc6+ 61. Kd5 Rc7 62. Kd6 Rf7 63. Re8 Kc4 64. Rb8 Rg7 65. c6 Rg6+ 66. Ke5 bxc6 67. Rb6 Rxg3 68. Rxc6+ Kb5 69.
Rh6 Kxa5 70. Kd4 Rg7 71. Kc5 Rc7+ 72. Kd4 Kb5 73. Kd3 a5 74. Rh5+ Kb4 75. Rh1 a4 76. Rb1+ Ka5 77. Rb8 h5 78. Ra8+ Kb4 79. Kd4 Rh7 80.
Rb8+ Ka3 81. Kc3 h4 82. Rb1 Rc7+ 83. Kd2 h3 84. Rh1 Rh7 85. Rh2 Kb3 86. Kc1 a3 87. Kb1 Rh4 88. Ka1 Kb4 89. Ka2 Ka4 90. Rh1 h2 91. Ka1 Kb3 92. Kb1 Rh3 93. Ka1 Rg3 0-1

[Event "Early-Titled-Tuesday-Blitz-April-02-2024"]
[Site "Chess.com"]
[Date "2024.04.02"]
[Round "2"]
[White "KINGOF2SOAP"]
[Black "mertfelin"]
[Result "1-0"]
[WhiteElo "2519"]
[BlackElo "2279"]
[TimeControl "180+1"]
[EndTime "8:11:40 PDT"]
[Termination "KINGOF2SOAP won by resignation"]

1. e4 e5 2. Nf3 Nc6 3. d4 exd4 4. Bc4 Nf6 5. O-O Nxe4 6. Re1 d5 7. Bxd5 Qxd5 8. Nc3 Qd8 9. Nxe4 Be7 10. Bf4 O-O 11. Qe2 Bf5 12. Rad1 Bc5 13. Nxc5 1-0

[Event "Early-Titled-Tuesday-Blitz-April-02-2024"]
[Site "Chess.com"]
[Date "2024.04.02"]
[Round "2"]
[White "Al_Shima"]
[Black "aljado"]
[Result "1-0"]
[WhiteElo "2445"]
[BlackElo "2140"]
[TimeControl "180+1"]
[EndTime "8:11:49 PDT"]
[Termination "Al_Shima won by resignation"]

1. e4 c5 2. Nf3 e6 3. c3 d5 4. exd5 exd5 5. d4 Nc6 6. Be3 cxd4 7. Nxd4 Nf6 8. Be2 Bd6 9. Nd2 O-O 10. N2f3 Bf5 11. Nxf5 Ne4 12. Nxd6 Qxd6 13. O-O Rae8 14. Nd2 Nf6 15. Nb3 Ne5 16. Bc5 1-0

[Event "Early-Titled-Tuesday-Blitz-April-02-2024"]
[Site "Chess.com"]
[Date "2024.04.02"]
[Round "2"]
[White "elcala"]
[Black "chucksterf10"]
[Result "0-1"]
[WhiteElo "1837"]
[BlackElo "2665"]
[TimeControl "180+1"]
[EndTime "8:12:19 PDT"]
[Termination "chucksterf10 won by resignation"]

1. d4 c6 2. Nf3 Nf6 3. Bf4 Qb6 4.
b3 d5 5. e3 Bf5 6. c4 e6 7. Nc3 Bb4 8. Qd2 Ne4 9. Nxe4 Bxe4 10. Bxb8 Rxb8 11. Qxb4 Qxb4+ 12. Kd1 dxc4 13. Bxc4 b5 14.
a3 Qc3 15. Rc1 Qb2 0-1

[Event "Early-Titled-Tuesday-Blitz-April-02-2024"]
[Site "Chess.com"]
[Date "2024.04.02"]
[Round "2"]
[White "Flaccidmoves"]
[Black "jk13"]
[Result "0-1"]
[WhiteElo "2436"]
[BlackElo "2704"]
[TimeControl "180+1"]
[EndTime "8:12:28 PDT"]
[Termination "jk13 won by resignation"]

1. d4 Nf6 2. c4 e6 3. g3 Bb4+ 4. Bd2 Bxd2+ 5. Qxd2 O-O 6. Nc3 d5 7. cxd5 exd5 8. Bg2 Re8 9. Nf3 Nc6 10. O-O Bf5 11.
Rac1 Ne4 12. Qf4 Qd7 13. e3 h6 14. Nxe4 Rxe4 0-1

[Event "Early-Titled-Tuesday-Blitz-April-02-2024"]
[Site "Chess.com"]
[Date "2024.04.02"]
[Round "2"]
[White "SteinerPro12"]
[Black "ljuks68"]
[Result "1-0"]
[WhiteElo "2408"]
[BlackElo "2399"]
[TimeControl "180+1"]
[EndTime "8:12:38 PDT"]
[Termination "SteinerPro12 won by checkmate"]

1. e4 e6 2. Nf3 d5 3. e5 c5 4. b4 Nc6 5. bxc5 d4 6. Bd3 Bxc5 7. Ba3 Qa5 8. Bxc5 Qxc5 9. Qe2 Nge7 10. O-O Ng6 11.
Re1 O-O 12. Qe4 b6 13. h4 h6 14. h5 Nge7 15. Qh7# 1-0

[Event "Early-Titled-Tuesday-Blitz-April-02-2024"]
[Site "Chess.com"]
[Date "2024.04.02"]
[Round "2"]
[White "bascheyaro"]
[Black "MasterKroket"]
[Result "1-0"]
[WhiteElo "2790"]
[BlackElo "2572"]
[TimeControl "180+1"]
[EndTime "8:12:55 PDT"]
[Termination "bascheyaro won by resignation"]

1. d4 Nf6 2. c4 g6 3. Nf3 Bg7 4. Bf4 O-O 5. e3 c5 6. Nc3 cxd4 7. Nxd4 d5 8. h3 Nc6 9. Nxc6 bxc6 10. Be5 Be6 11.
cxd5 Nxd5 12. Bxg7 Kxg7 13. Qd4+ f6 14. Be2 Rb8 15. O-O Rxb2 16. Nxd5 Rxe2 17. Nf4 1-0

[Event "Early-Titled-Tuesday-Blitz-April-02-2024"]
[Site "Chess.com"]
[Date "2024.04.02"]
[Round "2"]
[White "UK_23"]
[Black "francyIM"]
[Result "0-1"]
[WhiteElo "2399"]
[BlackElo "2801"]
[TimeControl "180+1"]
[EndTime "8:12:59 PDT"]
[Termination "francyIM won by resignation"]

1. e4 e5 2. Nf3 Nc6 3. d4 exd4 4. Nxd4 Qf6 5. Nb3 Bb4+ 6. c3 Be7 7. N1d2 Qg6 8. Qf3 Nf6 9. h3 O-O 10. Be2 Re8 11. O-O Bf8 12. Qf5 Qxf5 13. exf5 Rxe2 0-1

[Event "Early-Titled-Tuesday-Blitz-April-02-2024"]
[Site "Chess.com"]
[Date "2024.04.02"]
[Round "2"]
[White "zurzan"]
[Black "Attacker_2006"]
[Result "0-1"]
[WhiteElo "2071"]
[BlackElo "2432"]
[TimeControl "180+1"]
[EndTime "8:12:59 PDT"]
[Termination "Attacker_2006 won by resignation"]

1. c4 g6 2. g3 Bg7 3. Bg2 d6 4. Nc3 Nc6 5. d3 Bd7 6. e4 h5 7. Nge2 h4 8. Bf4 Qc8 9. Qd2 Bh3 10. Bf3 Ne5 11. Ng1 Nxf3+ 12. Nxf3 Bg2 13. Rg1 Bxf3 14.
Qe3 Bg4 15. f3 Bd7 16. d4 e5 17. dxe5 dxe5 18. Bxe5 Bxe5 19. f4 Bg7 20. O-O-O Ne7 21. Rgf1 hxg3 22. hxg3 c6 23. f5 Bh6 0-1

[Event "Early-Titled-Tuesday-Blitz-April-02-2024"]
[Site "Chess.com"]
[Date "2024.04.02"]
[Round "2"]
[White "JJDAREK"]
[Black "Orphanator2009"]
[Result "1-0"]
[WhiteElo "2338"]
[BlackElo "2530"]
[TimeControl "180+1"]
[EndTime "8:13:07 PDT"]
[Termination "JJDAREK won by resignation"]

1. c4 Nf6 2. Nc3 e6 3. e4 d5 4. cxd5 exd5 5. e5 d4 6. exf6 dxc3 7. Bb5+ c6 8. Qe2+ Be6 9. Bc4 Qxf6 10. dxc3 Bc5 11.
Bxe6 fxe6 12. Nf3 Nd7 13. O-O O-O-O 14. Bg5 Qg6 15. Bxd8 Rxd8 16. Rad1 Bb6 17. Rfe1 Re8 18. Rxd7 1-0

[Event "Early-Titled-Tuesday-Blitz-April-02-2024"]
[Site "Chess.com"]
[Date "2024.04.02"]
[Round "2"]
[White "Tol_Tol"]
[Black "Brahianzevich"]
[Result "0-1"]
[WhiteElo "2318"]
[BlackElo "2541"]
[TimeControl "180+1"]
[EndTime "8:13:07 PDT"]
[Termination "Brahianzevich won by resignation"]

1. d4 d5 2. c4 e6 3. Nc3 Bb4 4. cxd5 exd5 5. Qc2 Nf6 6. Bg5 h6 7. Bh4 g5 8. Bg3 h5 9. f3 Nc6 10. e3 Qe7 11. Ne2 h4 12. Bf2 a6 13. Rd1 Bd7 14. Nc1 O-O-O 15. Bd3 Nxd4 16. Qa4 Bxa4 0-1